 Dungeon Crawl Stone Soup version 0.28.0-53-g5a82cb258f (webtiles) character file.

Game seed: 11937498104654727058

6565 Zeld the Fighter (level 10, 0/97 HPs)
             Began as a Minotaur Berserker on May 30, 2022.
             Was an Elder of Trog.
             Slain by a vampire mosquito (5 damage)
             ... on level 9 of the Dungeon.
             The game lasted 00:09:18 (11780 turns).

Zeld the Fighter (Minotaur Berserker)              Turns: 11780, Time: 00:09:19

Health: 0/97       AC:  5    Str: 26    XL:     10   Next: 70%
Magic:  9/9        EV: 15    Int:  4    God:    Trog [****..]
Gold:   542        SH:  0    Dex: 13    Spells: 9/9 levels left

rFire   . . .      SeeInvis .   a - +4 war axe
rCold   . . .      Faith    .   (no shield)
rNeg    . . .      Spirit   .   C - +0 leather armour "Zuudydets" {Fly rPois Dex+3}
rPois   +          Reflect  .   (helmet restricted)
rElec   .          Harm     .   (no cloak)
rCorr   +          Rampage  .   (no gloves)
Will    ++...                   n - +0 pair of boots
Stlth   +.........              (no amulet)
HPRegen 1.26/turn               y - ring of resist corrosion
MPRegen 0.11/turn               (no ring)

@: strong-willed, flying, regenerating
A: horns 2, retaliatory headbutt
a: Renounce Religion, Berserk, Trog's Hand, Brothers in Arms


You were on level 9 of the Dungeon.
You worshipped Trog.
Trog was greatly pleased with you.
You visited 2 branches of the dungeon, and saw 10 of its levels.
You also visited: Ossuary.

You collected 542 gold pieces.

Inventory:

Hand Weapons
 a - a +4 war axe (weapon)
Missiles
 d - 4 javelins (quivered)
Armour
 n - a +0 pair of boots (worn)
 C - the +0 leather armour "Zuudydets" (worn) {Fly rPois Dex+3}
   (You found it on level 6 of the Dungeon)

   Dex:       It affects your dexterity (+3).
   rPois:     It protects you from poison.
   Fly:       It grants you flight.
Jewellery
 y - a ring of resist corrosion (left hand)
Wands
 j - a wand of charming (1)
 z - a wand of paralysis (8)
Scrolls
 b - 2 scrolls of immolation {unknown}
 c - 2 scrolls of amnesia {unknown}
 f - 3 scrolls of teleportation {unknown}
 g - 2 scrolls of vulnerability {unknown}
 h - 4 scrolls of blinking {unknown}
 i - a scroll of brand weapon {unknown}
 l - a scroll of enchant armour {unknown}
 q - 6 scrolls of identify {unknown}
 t - 2 scrolls of holy word {unknown}
 w - a scroll of enchant weapon {unknown}
 x - a scroll of noise {unknown}
Potions
 e - 2 potions of brilliance {unknown}
 k - 3 potions of flight {unknown}
 m - 2 potions of lignification {unknown}
 o - 2 potions of attraction {unknown}
 p - 2 potions of mutation {unknown}
 r - 7 potions of curing {unknown}
 s - 2 potions of haste {unknown}
 u - a potion of cancellation {unknown}
 v - a potion of ambrosia {unknown}
 A - 2 potions of degeneration {unknown}
 B - a potion of invisibility {unknown}


   Skills:
 * Level 11.9 Fighting
 * Level 11.9 Axes
 + Level 8.2 Armour
 + Level 7.6 Dodging


You had 9 spell levels left.
You didn't know any spells.
Your spell library was empty.

Dungeon Overview and Level Annotations

Branches:
Dungeon (9/15)             Temple (1/1) D:5             Orc (0/2) D:9
Ossuary (visited)
   Lair: D:8-11

Altars:
Ashenzari
Cheibriados
Dithmenos
Elyvilon
Fedhas
Gozag
Hepliaklqana
Kikubaaqudgha
Makhleb
Nemelex Xobeh
Okawaru
Ru
Sif Muna
Trog
Uskayaw
Wu Jian
Xom
Zin
The Shining One

Shops:
D:6 =


Innate Abilities, Weirdness & Mutations

You have a pair of horns on your head.
You reflexively headbutt those who attack you in melee.


Message History

You hit the vampire mosquito.
The vampire mosquito is severely damaged.
You hit the vampire mosquito. x2; The vampire mosquito barely misses you.
You furiously retaliate!
You headbutt the vampire mosquito! The vampire mosquito bites you!
The vampire mosquito draws strength from your injuries!
The vampire mosquito bites you.
The vampire mosquito draws strength from your injuries!
The vampire mosquito bites you.
The vampire mosquito draws strength from your injuries!
The vampire mosquito bites you.
The vampire mosquito draws strength from your injuries!
The vampire mosquito bites you.
The vampire mosquito draws strength from your injuries!
The vampire mosquito completely misses you.
The vampire mosquito bites you!
The vampire mosquito draws strength from your injuries!
The vampire mosquito barely misses you. The vampire mosquito bites you!
* * * LOW HITPOINT WARNING * * *
The vampire mosquito draws strength from your injuries!
The vampire mosquito bites you!
* * * LOW HITPOINT WARNING * * *
The vampire mosquito draws strength from your injuries!
The vampire mosquito closely misses you.
The vampire mosquito barely misses you. The vampire mosquito bites you.
* * * LOW HITPOINT WARNING * * *
The vampire mosquito draws strength from your injuries!
The vampire mosquito misses you. You furiously retaliate!
You headbutt the vampire mosquito. The vampire mosquito misses you.
Your skin crawls.
You feel strong-willed. Trog will no longer gift you weapons.
The vampire mosquito misses you. The vampire mosquito bites you.
* * * LOW HITPOINT WARNING * * *
The vampire mosquito draws strength from your injuries!
The vampire mosquito bites you.
* * * LOW HITPOINT WARNING * * *
The vampire mosquito draws strength from your injuries!
The vampire mosquito bites you.
You die...

..###.##..........##.#
......####...........#
..##### ###.#.##.##.##
....# #..........#
....# #####....#.#####
....# #......#...#
....# #......#.#.#
....# #......#.#.#####
....# #......#y@.....#
....# #......yy#.###.#
....# #..#####.###
##### #...z.# #
#.....### #..##...#
#..#...†#
......_......#
..###....#..###


You could see 3 vampire mosquitoes and a wight.

Vanquished Creatures
  A two-headed ogre (D:9)
  Pikel (D:4)
  A manticore (D:6)
  3 trolls
  Grinder (D:4)
  Sigmund (D:4)
  A wyvern (D:9)
  A vampire mosquito (D:9)
  2 steam dragons (D:8)
  4 water moccasins
  An orc warrior (D:8)
  An ice beast (D:4)
  A black bear (D:8)
  3 sky beasts
  2 necrophages (D:6)
  An ogre (D:6)
  3 centaurs
  A kobold brigand (D:6)
  A phantom (D:4)
  A bullfrog (D:7)
  5 scorpions
  2 water moccasin zombies (Ossuary)
  4 killer bees (D:7)
  4 wights (D:7)
  5 howler monkeys
  A bullfrog zombie (D:7)
  2 jellies
  2 centaur skeletons
  A gnoll shaman (D:5)
  4 orc priests
  4 hounds
  3 iguanas
  A bullfrog skeleton (D:5)
  8 orc wizards
  A killer bee zombie (D:6)
  2 hound skeletons (D:5)
  2 mummies (Ossuary)
  Robin (D:3)
  4 gnolls (D:5)
  7 adders
  A white imp (D:8)
  An ufetubus (D:6)
  An adder skeleton (D:4)
  An adder zombie (Ossuary)
  2 worms (D:2)
  4 dart slugs
  28 orcs
  11 ball pythons
  6 bats
  An endoplasm (D:4)
  4 giant cockroaches
  4 gnoll zombies (Ossuary)
  12 goblins
  9 hobgoblins
  4 quokkas
  5 frilled lizards
  7 hobgoblin zombies (Ossuary)
  8 kobolds
  A kobold zombie (Ossuary)
  9 orc zombies (Ossuary)
  9 rats
222 creatures vanquished.

Vanquished Creatures (others)
  An adder (D:4)
1 creature vanquished.

Grand Total: 223 creatures vanquished

Notes
Turn   | Place    | Note
-------+----------+-------------------------------------------
     0 | D:1      | Zeld the Minotaur Berserker began the quest for the Orb.
     0 | D:1      | Reached XP level 1. HP: 19/19 MP: 0/0
   246 | D:1      | Found a faded altar of an unknown god.
   259 | D:1      | Reached XP level 2. HP: 27/27 MP: 1/1
   970 | D:2      | Reached XP level 3. HP: 24/33 MP: 2/2
  1643 | D:2      | Reached ** piety under Trog
  1786 | D:2      | Found a snail-covered altar of Cheibriados.
  1876 | D:2      | Reached XP level 4. HP: 41/41 MP: 3/3
  2210 | D:3      | Identified the +0 helmet of the Shining Light {MP+9}
  2210 | D:3      | Noticed Robin
  2219 | D:3      | Killed Robin
  2439 | D:3      | Found a hide-covered altar of Uskayaw.
  2439 | D:3      | Found a sparkling altar of Nemelex Xobeh.
  2927 | D:4      | Noticed an ice beast
  2989 | D:4      | Reached skill level 5 in Fighting
  2989 | D:4      | Reached XP level 5. HP: 35/48 MP: 4/4
  2997 | D:4      | Reached skill level 5 in Axes
  3054 | D:4      | Found a sand-covered staircase.
  3072 | Ossuary  | Entered an ossuary
  3114 | Ossuary  | Reached XP level 6. HP: 46/56 MP: 5/5
  3202 | Ossuary  | Reached *** piety under Trog
  3593 | D:4      | Noticed Pikel
  3600 | D:4      | Killed Pikel
  3601 | D:4      | Reached XP level 7. HP: 66/66 MP: 6/6
  3703 | D:4      | Reached skill level 5 in Armour
  3782 | D:4      | Reached XP level 8. HP: 69/73 MP: 7/7
  3864 | D:4      | Found an ancient bone altar of Kikubaaqudgha.
  3959 | D:4      | Found a glowing silver altar of Zin.
  3989 | D:4      | Noticed Grinder
  3993 | D:4      | Killed Grinder
  4054 | D:4      | Noticed Sigmund
  4065 | D:4      | Killed Sigmund
  4066 | D:4      | Reached skill level 5 in Dodging
  4260 | D:5      | Entered Level 5 of the Dungeon
  4266 | D:5      | Found a staircase to the Ecumenical Temple.
  4278 | Temple   | Entered the Ecumenical Temple
  4553 | D:5      | Found an opulent altar of Gozag.
  4561 | D:5      | Found an opulent altar of Gozag.
  4563 | D:5      | Found an opulent altar of Gozag.
  4568 | D:5      | Reached **** piety under Trog
  4573 | D:5      | Found an opulent altar of Gozag.
  6129 | D:6      | Reached XP level 9. HP: 44/83 MP: 8/8
  6940 | D:6      | Identified the +0 leather armour "Zuudydets" {Fly rPois
                  | Dex+3}
  7090 | D:6      | Found Woz Itoh's One-of-a-Kind Rings.
  7182 | D:6      | Noticed a troll
  7217 | D:6      | Noticed a manticore
  7231 | D:6      | Killed a troll
  7232 | D:6      | Reached skill level 10 in Fighting
  7232 | D:6      | Reached skill level 10 in Axes
  7927 | D:6      | Killed a manticore
  8406 | D:7      | Found a burning altar of Makhleb.
  8424 | D:7      | Reached XP level 10. HP: 77/94 MP: 9/9
  9303 | D:8      | Reached ***** piety under Trog
  9304 | D:8      | Found a shimmering altar of Xom.
 10540 | D:8      | Identified the +3 quarterstaff "Saleoma" {flame, *Noise
                  | rPois Str+4} (Trog gifted it to you on level 8 of the
                  | Dungeon)
 10540 | D:8      | Received a gift from Trog
 11455 | D:9      | Noticed a two-headed ogre
 11459 | D:9      | Found an iron altar of Okawaru.
 11463 | D:9      | Killed a two-headed ogre
 11711 | D:9      | Found a staircase to the Orcish Mines.
 11712 | D:9      | Found a snail-covered altar of Cheibriados.
 11760 | D:9      | Found a shimmering blue altar of Sif Muna.
 11780 | D:9      | Slain by a vampire mosquito

Illustrated notes

Levels and vault maps discovered:
D:1:      nicolae_arrival_memento_mori, layout_rooms,
          hellmonk_ecumenical_altar_pennies_from_heaven, minivault_26,
          minmay_indecisive_spiral
D:2:      minmay_angry_zag, layout_loops_cross, basic_altar,
          mrwooster_statue_mirror
D:3:      layout_basic, gammafunk_temple_overflow_wave, grunt_decor_cap,
          chequers_serial_rivers_large_b, uniq_robin
D:4:      layout_loops_ring, zin_scriptorium,
          nicolae_kikubaaqudgha_miasma_corner, enter_ossuary_3, uniq_pikel,
          uniq_sigmund, uniq_grinder
D:5:      layout_layer_cave, nicolae_gozag_conspicuous_consumption,
          minmay_temple_entry_tees, kennysheep_generic_room_3
D:6:      minmay_chambers_of_sixes, layout_cave_pools, nicolae_shop_unique_rings
D:7:      layout_loops_ring, lightli_temple_of_fire
D:8:      layout_basic, mainiacjoe_overflow_small_starburst, serial_aquarium,
          aquarium_bridge_long_joined [aquarium_subvault_bridge,
          aquarium_subvault_wall, aquarium_subvault_wall,
          aquarium_subvault_wall, aquarium_subvault_wall,
          aquarium_subvault_bridge], aquarium_window_fake, aquarium_window_1,
          aquarium_window_2, aquarium_view_2e, aquarium_pool_2,
          hangedman_misty_isle
D:9:      layout_basic, mainiacjoe_overflow_surrounded_room,
          kennysheep_slug_shrine, nicolae_overflow_crystal_walls,
          okawaru_trees_2, orc_0_dummy
Temple:   compressed_dpeg_triangle_lava_temple

Skill      XL: |  1  2  3  4  5  6  7  8  9 10 |
---------------+-------------------------------+-----
Axes           | 4 5 7 9 10 11 | 11.9
Fighting       | 4 5 7 9 10 11 | 11.9
Armour         | 3 4 5 6 7 8 |  8.2
Dodging        | 3 4 5 6 7 |  7.6

Action                   |  1- 3 |  4- 6 |  7- 9 | 10-12 || total
-------------------------+-------+-------+-------+-------++-------
Melee: Hand axe          |    74 |       |       |       ||    74
       Headbutt          |     9 |     9 |    24 |    26 ||    68
       War axe           |    26 |    94 |   154 |   112 ||   386
       Punch             |       |     1 |       |     3 ||     4
Invok: Berserk           |       |     1 |       |     2 ||     3
       Trog's Hand       |       |       |       |     1 ||     1
 Stab: Sleeping          |       |       |     1 |       ||     1
Armor: Animal skin       |    14 |    21 |    15 |       ||    50
       Leather armour    |       |       |    13 |    34 ||    47
Dodge: Dodged            |    61 |    60 |   102 |   103 ||   326
